 Dungeon Crawl Stone Soup version 0.28-a0-1510-gd0f6b136d3 (webtiles) character file.

Game seed: 5409173988768067557

26478 Hasart the Basher (level 13, -1/73 HPs)
             Began as a Gargoyle Fighter on Jan 13, 2022.
             Was an Elder of Hepliaklqana.
             Slain by a sun demon (12 damage)
             ... summoned by an orc high priest
             ... on level 2 of the Orcish Mines on Jan 14, 2022.
             The game lasted 00:37:51 (18747 turns).

Hasart the Basher (Gargoyle Fighter)               Turns: 18747, Time: 00:37:51

Health: -1/73      AC: 29    Str: 23    XL:     13   Next: 26%
Magic:  0/11       EV: 11    Int:  9    God:    Hepliaklqana [****..]
Gold:   478        SH: 17    Dex: 11    Spells: 12/12 levels left

rFire   . . .      SeeInvis .   v - +1 whip (elec)
rCold   . . .      Faith    .   A - +2 tower shield {reflect}
rNeg    + . .      Spirit   +   M - +0 acid dragon scales
rPois   ∞          Reflect  +   r - +0 helmet
rElec   +          Harm     .   J - +2 cloak
rCorr   +          Rampage  .   (no gloves)
Will    +....                   m - +1 pair of boots
Stlth   +.........              e - amulet of guardian spirit
HPRegen 0.22/turn               C - ring of willpower
MPRegen 0.12/turn               o - +4 ring of protection

@: no status effects
A: reduced essence, sickness immunity, AC +9, negative energy resistance 1,
electricity resistance, torment resistance 1, petrification resistance, low mp 1
a: Renounce Religion, Recall Ancestor, Ancestor Identity, Transference, Idealise


You were on level 2 of the Orcish Mines.
You worshipped Hepliaklqana.
Hepliaklqana was greatly pleased with you.
You visited 3 branches of the dungeon, and saw 14 of its levels.
You also visited: Ossuary.

You collected 710 gold pieces.
You spent 232 gold pieces at shops.

Inventory:

Hand Weapons
 v - a +1 whip of electrocution (weapon)
 L - a +5 flail
Missiles
 s - 26 poisoned darts (quivered)
Armour
 m - a +1 pair of boots (worn)
 r - a +0 helmet (worn)
 A - a +2 tower shield of reflection (worn)
 J - a +2 cloak (worn)
 M - +0 acid dragon scales (worn)
Jewellery
 e - an amulet of guardian spirit (around neck)
 g - a +6 ring of intelligence
 n - an amulet of magic regeneration
 o - a +4 ring of protection (right hand)
 t - a ring of ice
 y - a ring of willpower
 C - a ring of willpower (left hand)
 K - a +4 ring of protection
Wands
 D - a wand of charming (7)
 G - a wand of polymorph (9)
Scrolls
 f - 3 scrolls of amnesia
 h - 2 scrolls of fog
 p - 3 scrolls of teleportation
 u - 7 scrolls of identify
 w - a scroll of immolation
 x - a scroll of magic mapping
Potions
 d - a potion of might
 i - 2 potions of resistance
 j - a potion of mutation
 k - 3 potions of curing
 l - 2 potions of brilliance
 q - 2 potions of attraction
 z - 4 potions of lignification
 B - 4 potions of heal wounds
 E - 3 potions of flight
 H - 3 potions of cancellation
 I - a potion of invisibility


   Skills:
 + Level 10.1 Fighting
 * Level 12.2 Maces & Flails
 - Level 7.0 Throwing
 + Level 10.0 Armour
 + Level 7.0 Dodging
 + Level 10.1 Shields


You had 12 spell levels left.
You didn't know any spells.
Your spell library contained the following spells:

 Spells                   Type           Power      Damage    Failure   Level
 Slow                     Hex            0%         N/A       96%         1
 Summon Small Mammal      Summ           0%         N/A       96%         1
 Corpse Rot               Necr/Air       0%         N/A       99%         2
 Static Discharge         Conj/Air       0%         N/A       99%         2
 Call Canine Familiar     Summ           0%         N/A       100%        3
 Confusing Touch          Hex            0%         N/A       100%        3
 Ignite Poison            Fire/Tmut/Pois 0%         N/A       100%        3
 Mephitic Cloud           Conj/Pois/Air  0%         N/A       100%        3
 Summon Guardian Golem    Hex/Summ       0%         N/A       100%        3
 Vampiric Draining        Necr           0%         2d6       100%        3
 Freezing Cloud           Conj/Ice/Air   0%         6-21      100%        5
 Silence                  Hex/Air        0%         N/A       100%        5


Dungeon Overview and Level Annotations

Branches:
Dungeon (11/15)            Temple (1/1) D:6            Lair (0/6) D:9
    Orc (2/2) D:11            Elf (0/3) Orc:2       Ossuary (visited)

Altars:
Ashenzari
Cheibriados
Dithmenos
Elyvilon
Fedhas
Gozag
Hepliaklqana
Kikubaaqudgha
Makhleb
Nemelex Xobeh
Okawaru
Qazlal
Sif Muna
Trog
Uskayaw
Vehumet
Wu Jian
Xom
Yredelemnul
Zin
The Shining One
Beogh

Shops:
Orc:2 [*(*


Innate Abilities, Weirdness & Mutations

Your life essence is reduced to manifest your ancestor. (-10% HP)
You are immune to sickness and miasma.
Your stone body is resilient. (AC +9)
You are immune to poison.
You resist negative energy. (rN+)
You are resistant to electric shocks. (rElec)
You are resistant to unholy torment.
You are immune to petrification.
Your magical capacity is low. (-10% MP)


Message History

The orc sorcerer hits you but does no damage.
The orc hits you but does no damage.
You hit the orc high priest but do no damage.
The orc high priest is moderately wounded.
You block the orc warrior's attack.
The orc high priest prays to Beogh.
You hit the orc high priest.
The orc high priest is moderately wounded.
You block the orc's attack. You block the orc sorcerer's attack.
The orc warrior misses you.
The orc high priest hits you but does no damage.
The sun demon closely misses you.
You whack the orc high priest!
The orc high priest is moderately wounded.
The orc sorcerer hits you but does no damage.
The sun demon hits you.
You are engulfed in flames!
You closely miss the orc high priest.
The orc high priest is moderately wounded.
The orc high priest closely misses you. You block the orc sorcerer's attack.
The sun demon hits you!!
You are engulfed in flames!
* * * LOW HITPOINT WARNING * * *
You barely miss the orc high priest.
The orc high priest is moderately wounded.
The orc warrior hits you but does no damage.
The orc high priest misses you. The soul eater barely misses you.
You block the orc sorcerer's attack. The orc barely misses you.
You hit the orc high priest.
The orc high priest is moderately wounded.
The sun demon hits you but does no damage.
The orc warrior hits you with a +0 hand axe.
* * * LOW HITPOINT WARNING * * *
The orc high priest hits you with a +0 hand axe.
* * * LOW HITPOINT WARNING * * *
You block the soul eater's attack.
You barely miss the orc high priest.
The orc high priest is moderately wounded.
The sun demon hits you.
* * * LOW HITPOINT WARNING * * *
You are engulfed in flames!
You die...

..###. ### ................#..
##.## .................. #...#
.................. #...#####
..................
##.###..$##.................
##.##$8$8o#.................
#...#_...oooo...............
###.## #@3.....))........
##....## ##3o...^...........
#......#####........._........
##.##..#......................
####.........................
##.........................
#..........................
##.........................
##..........................


You could see a soul eater (summoned), an orc high priest, a sun demon
(summoned), an orc sorcerer, 2 orc warriors and 2 orcs.

Vanquished Creatures
  A boulder beetle (D:10)
  A two-headed ogre (D:10)
  A centaur warrior (D:11)
  An orc high priest (Orc:2)
  Sonja (D:11)
  Pikel (D:3)
  A wolf spider zombie (D:7)
  3 orc sorcerers (Orc:2)
  2 centaur skeletons (D:7)
  A komodo dragon (D:9)
  A troll (Orc:2)
  2 hellwings (D:7)
  2 meliai (D:11)
  A hornet (D:8)
  A meliai zombie (D:7)
  A shadow (D:11)
  Sigmund (D:3)
  4 wyverns
  11 yaks
  4 water moccasins
  2 acid dragons
  Duvessa (D:6)
  12 orc warriors
  A sky beast (D:8)
  2 necrophages
  2 black bears
  An ogre (Orc:2)
  4 centaurs
  A phantom (D:11)
  2 elf zombies (Ossuary)
  2 bullfrogs
  A wyvern zombie (D:7)
  4 scorpions
  3 water moccasin zombies
  Dowan (D:6)
  2 troll zombies (D:11)
  A water moccasin skeleton (D:6)
  6 killer bees
  A howler monkey (D:5)
  An electric eel (D:6)
  4 jellies
  A bullfrog zombie (D:5)
  2 human zombies (Ossuary)
  6 centaur zombies
  18 orc priests
  2 hounds (D:6)
  A gnoll shaman (D:7)
  3 iguanas
  18 orc wizards
  3 ogre zombies (D:11)
  A hound skeleton (D:4)
  2 mummies (Ossuary)
  A howler monkey zombie (D:9)
  17 gnolls
  7 adders
  5 shadow imps (D:7)
  An ufetubus (D:6)
  2 adder skeletons (D:4)
  3 adder zombies (Ossuary)
  A dart slug (D:2)
  46 orcs
  10 endoplasms
  3 giant cockroaches
  7 goblins
  5 hobgoblins
  6 jackals
  6 quokkas
  9 ball pythons
  4 bats
  4 frilled lizards
  A goblin zombie (D:11)
  4 hobgoblin skeletons (D:11)
  12 hobgoblin zombies
  A jackal zombie (Ossuary)
  7 kobolds
  9 kobold zombies (Ossuary)
  An orc skeleton (D:11)
  20 orc zombies
  A quokka zombie (D:7)
  A rat (D:2)
  2 rat zombies
348 creatures vanquished.

Vanquished Creatures (collateral kills)
  Erica (D:9)
  A shadow wraith (D:10)
  2 orc knights
  4 orc sorcerers
  A gargoyle (D:11)
  A komodo dragon (D:9)
  2 trolls
  A shadow (D:9)
  3 wyverns (D:9)
  3 steam dragons
  6 yaks
  3 wargs
  15 orc warriors
  4 centaurs (D:11)
  A phantom (D:11)
  A troll zombie (D:11)
  9 orc priests
  12 orc wizards
  2 ogre zombies (D:11)
  25 orcs
  6 orc zombies (D:11)
103 creatures vanquished.

Vanquished Creatures (others)
  An orc priest (Orc:1)
  An ancestor (D:8)
  9 battlemagi
  2 orc wizards (Orc:2)
  7 fungi (D:9)
  9 withered plants (D:7)
29 creatures vanquished.

Grand Total: 480 creatures vanquished

Notes
Turn   | Place    | Note
-------+----------+-------------------------------------------
     0 | D:1      | Hasart the Gargoyle Fighter began the quest for the Orb.
     0 | D:1      | Reached XP level 1. HP: 14/14 MP: 1/1
   126 | D:1      | Found a faded altar of an unknown god.
   516 | D:1      | Reached XP level 2. HP: 8/19 MP: 2/2
  1350 | D:2      | Reached XP level 3. HP: 6/23 MP: 1/3
  1739 | D:2      | Reached skill level 3 in Maces & Flails
  1739 | D:2      | Reached XP level 4. HP: 20/28 MP: 2/4
  1747 | D:1      | Reached skill level 1 in Dodging
  2546 | D:2      | Reached XP level 5. HP: 30/33 MP: 5/5
  3058 | D:3      | Noticed a black bear
  3071 | D:3      | Killed a black bear
  3072 | D:3      | Reached XP level 6. HP: 26/38 MP: 3/6
  3450 | D:3      | Noticed Sigmund
  3470 | D:3      | Killed Sigmund
  3471 | D:3      | Reached skill level 4 in Maces & Flails
  3924 | D:4      | Reached skill level 1 in Throwing
  3924 | D:4      | Reached XP level 7. HP: 29/44 MP: 4/7
  4074 | D:4      | Noticed Pikel
  4077 | D:4      | Found a snail-covered altar of Cheibriados.
  4140 | D:3      | Killed Pikel
  4141 | D:3      | Reached skill level 5 in Fighting
  4141 | D:3      | Reached skill level 5 in Maces & Flails
  4141 | D:3      | Reached skill level 5 in Armour
  4141 | D:3      | Reached skill level 5 in Shields
  4141 | D:3      | Reached XP level 8. HP: 31/49 MP: 5/8
  5222 | D:5      | Entered Level 5 of the Dungeon
  5578 | D:5      | Reached skill level 6 in Maces & Flails
  6182 | D:5      | Reached XP level 9. HP: 55/55 MP: 9/9
  6454 | D:6      | Found a staircase to the Ecumenical Temple.
  6497 | Temple   | Entered the Ecumenical Temple
  6593 | Temple   | Became a worshipper of Hepliaklqana the Forgotten
  6763 | D:6      | Noticed Duvessa
  6763 | D:6      | Noticed Dowan
  6773 | D:6      | Killed Duvessa
  6788 | D:6      | Killed Dowan
  7480 | D:5      | Reached skill level 7 in Maces & Flails
  7980 | D:7      | Noticed a hellwing
  8009 | D:7      | Noticed a hellwing
  8023 | D:7      | Killed a hellwing
  8307 | D:7      | Found a sand-covered staircase.
  8315 | Ossuary  | Entered an ossuary
  8719 | D:7      | Reached XP level 10. HP: 57/61 MP: 8/10
  8744 | D:7      | Found a sparkling altar of Nemelex Xobeh.
  9091 | D:7      | Reached skill level 8 in Maces & Flails
  9431 | D:7      | Reached * piety under Hepliaklqana
  9585 | D:7      | Reached skill level 9 in Maces & Flails
  9885 | D:7      | Reached skill level 5 in Throwing
  9885 | D:7      | Reached skill level 5 in Dodging
  9961 | D:7      | Reached XP level 11. HP: 55/61 MP: 9/11
 11316 | D:9      | Reached ** piety under Hepliaklqana
 11317 | D:9      | Remembered your ancestor Bintana as a battlemage
 11361 | D:9      | Noticed Erica
 11377 | D:9      | Killed Erica
 11815 | D:9      | Found a staircase to the Lair.
 12288 | D:9      | Reached skill level 10 in Maces & Flails
 12817 | D:10     | Entered Level 10 of the Dungeon
 13084 | D:10     | Noticed a two-headed ogre
 13089 | D:10     | Killed a two-headed ogre
 13212 | D:10     | Reached *** piety under Hepliaklqana
 13541 | D:11     | Noticed a boulder beetle
 13571 | D:10     | Killed a boulder beetle
 13572 | D:10     | Reached XP level 12. HP: 40/67 MP: 7/12
 13702 | D:11     | Noticed a centaur warrior
 14042 | D:11     | Killed a centaur warrior
 14199 | D:11     | HP: 2/68 [orc knight (3)]
 14290 | D:11     | Reached skill level 11 in Maces & Flails
 14526 | D:11     | Noticed Sonja
 14545 | D:11     | Killed Sonja
 14857 | D:11     | Got the Guide on Flight and the Blaze
 15180 | D:11     | Found a staircase to the Orcish Mines.
 15438 | D:11     | Identified the +4 dagger "Diatrool" {freeze, Will+}
 15811 | Orc:1    | Entered Level 1 of the Orcish Mines
 15841 | Orc:1    | Paralysed by an orc sorcerer for 7 turns
 16538 | Orc:2    | Entered Level 2 of the Orcish Mines
 17394 | Orc:1    | Upgraded the game from 0.28-a0-1505-g8c907de6ad to
                  | 0.28-a0-1510-gd0f6b136d3
 17570 | Orc:2    | Paralysed by an orc sorcerer for 2 turns
 17576 | Orc:1    | Reached XP level 13. HP: 62/72 MP: 9/13
 17598 | Orc:2    | Paralysed by an orc sorcerer for 2 turns
 17945 | Orc:2    | Reached skill level 12 in Maces & Flails
 17945 | Orc:2    | Reached skill level 10 in Shields
 17957 | Orc:2    | Reached **** piety under Hepliaklqana
 17973 | Orc:2    | Reached skill level 10 in Fighting
 18010 | Orc:2    | Found a staircase to the Elven Halls.
 18272 | Orc:2    | Found Plog's Assorted Antiques.
 18281 | Orc:2    | Found Qyqaurre's Antique Armour Boutique.
 18284 | Orc:2    | Found Qanlysor's Assorted Antiques.
 18284 | Orc:2    | Found Adwys's Antique Weapon Shop.
 18351 | Orc:2    | Bought a shiny tower shield for 232 gold pieces
 18619 | Orc:2    | Reached skill level 10 in Armour
 18732 | Orc:2    | Gained mutation: Your magical capacity is low. (-10% MP) [a
                  | neqoxec]
 18747 | Orc:2    | Slain by a sun demon

Illustrated notes

Levels and vault maps discovered:
D:1:      eino_arrival_cavern_e, layout_loops_corners,
          ebering_ecumenical_altar_webs
D:2:      minmay_angry_zag, layout_loops_ring, minmay_split_cup_large
D:3:      layout_basic, nrook_mini_vaults, minmay_misc_feat_ornament,
          minivault_5, uniq_sigmund
D:4:      layout_gridville, mainiacjoe_overflow_tiny_flanked,
          minmay_misc_feat_doors, minivault_19, st_stairs_10, uniq_pikel
D:5:      layout_gridville
D:6:      layout_basic, temple_green, lightli_minifort, uniq_duvessa
D:7:      cheibrodos_grave_circle, layout_loops_cross, lemuel_crystal_altar,
          enter_ossuary_4
D:8:      layout_gridville, serial_bayou_crossing
D:9:      kennysheep_steamy, layout_grid_maze, erik_lair_dragon,
          hangedman_decor_riveting, uniq_erica
D:10:     layout_loops_ring
D:11:     minmay_cut_squares, layout_loops_corners, zombieorc2_lemuel,
          uniq_sonja
Temple:   regret_index_temple_chain_breaker
Orc:1:    layout_caves
Orc:2:    st_orc_mages, layout_caves, basic_altar, kennysheep_orc_chapel

Skill      XL: |  1  2  3  4  5  6  7  8  9 10 11 12 13 |
---------------+----------------------------------------+-----
Maces & Flails | 3 4 5 6 7 9 10 11 12 | 12.2
Dodging        | 1 2 3 4 5 6 7 |  7.0
Fighting       | 4 5 6 7 8 9 10 | 10.1
Armour         | 4 5 6 7 8 9 10 | 10.0
Shields        | 4 5 6 7 8 9 10 | 10.1
Throwing       | 1 2 3 5 6 7 |  7.0

Action                   |  1- 3 |  4- 6 |  7- 9 | 10-12 | 13-15 || total
-------------------------+-------+-------+-------+-------+-------++-------
Melee: Flail             |    98 |   193 |    31 |       |       ||   322
       Whip              |       |       |   593 |   970 |   160 ||  1723
Throw: Dart              |       |     4 |     1 |    14 |     8 ||    27
Invok: Ancestor Life: Ba |       |       |       |     1 |       ||     1
       Ancestor Identity |       |       |       |     1 |       ||     1
       Recall Ancestor   |       |       |       |     1 |     1 ||     2
  Use: Scroll            |       |       |     5 |     8 |    11 ||    24
 Stab: Distracted        |       |       |       |     9 |     2 ||    11
Armor: Scale mail        |    48 |   143 |   289 |   404 |       ||   884
       Acid dragon scale |       |       |       |   114 |    66 ||   180
Dodge: Dodged            |    46 |   102 |   237 |   461 |    56 ||   902
Block: Buckler           |    22 |    47 |   125 |   221 |    27 ||   442
       Tower shield      |       |       |       |       |    24 ||    24

Table legend: (Time is in decaauts)
 A = Elapsed time spent in this place.
 B = Non-inter-level travel time spent in this place.
 C = Inter-level travel time spent in this place.
 D = Time resting spent in this place.
 E = Time spent auto-exploring this place.
 F = Levels seen in this place.
 G = Mean time per level.
                   A        B        C        D        E       F      G
               +--------+--------+--------+--------+--------+-----+--------+
         Total |  18323 |  17896 |    427 |   2982 |  11324 |  15 | 1221.5 |
       Dungeon |  15499 |  15105 |    394 |   1903 |  10361 |  11 | 1409.0 |
        Temple |    116 |     96 |     20 |      0 |     57 |   1 |  116.0 |
  Orcish Mines |   2371 |   2359 |     12 |   1079 |    744 |   2 | 1185.5 |
       Ossuary |    335 |    335 |      0 |      0 |    162 |   1 |  335.0 |
               +--------+--------+--------+--------+--------+-----+--------+

Top non-repeatable levels by time:
    D:11: 2132 daAuts
     D:6: 1651 daAuts
     D:1: 1629 daAuts
   Orc:1: 1596 daAuts
     D:7: 1564 daAuts
     D:9: 1552 daAuts
     D:2: 1288 daAuts
     D:3: 1253 daAuts
     D:5: 1207 daAuts
    D:10: 1175 daAuts
     D:4: 1133 daAuts
     D:8: 910 daAuts
   Orc:2: 775 daAuts
 Ossuary: 335 daAuts
  Temple: 116 daAuts
